 Seeded DCSS version 0.31-a0-1570-g93c622d222 (webtiles) character file.

Game seed: 14095063014967992552 (custom seed)

76 innerfire43 the Cudgeller (level 4, -2/34 HPs)
             Began as a Demonspawn Wanderer on Jan 3, 2024.
             Succumbed to Terence's poison
             ... on level 3 of the Dungeon.
             The game lasted 00:03:21 (1700 turns).

innerfire43 the Cudgeller (Demonspawn Wanderer)     Turns: 1700, Time: 00:03:22

Health: -2/34      AC:  7    Str: 16    XL:     4   Next: 12%
Magic:  4/4        EV: 11    Int: 12    God:
Gold:   140        SH:  0    Dex: 11    Spells: 3/3 levels left

rFire   . . .        a - +0 flail
rCold   . . .        (no shield)
rNeg    . . .        c - +0 ring mail
rPois   .            (helmet restricted)
rElec   .            (no cloak)
rCorr   .            (no gloves)
SInv    .            e - +1 pair of boots
Will    .....        i - amulet of the acrobat
Stlth   +            (no ring)
HPRegen 0.25/turn    (no ring)
MPRegen 0.09/turn

%: acrobat
@: lethally poisoned (-2 -> -27)
A: horns 1, powered by pain 1
a: no special abilities


You were on level 3 of the Dungeon.
You visited 1 branch of the dungeon, and saw 3 of its levels.

You collected 140 gold pieces.

Inventory:

Hand Weapons
 a - a +0 flail (weapon)
 b - a +0 short sword
Armour
 c - a +0 ring mail (worn)
 e - a +1 pair of boots (worn)
 f - a +0 helmet
Jewellery
 i - an amulet of the acrobat (around neck)
Scrolls
 d - a scroll of fear
 g - a scroll of vulnerability {unknown}
 h - 2 scrolls of identify {unknown}
 k - a scroll of enchant weapon {unknown}
 m - a scroll of fog {unknown}
 n - a scroll of revelation {unknown}


   Skills:
 + Level 2.7 Fighting
 - Level 1.0 Short Blades
 + Level 3.2 Maces & Flails
 + Level 2.5 Armour
 + Level 1.9 Dodging
 - Level 1.0 Stealth


You had 3 spell levels left.
You didn't know any spells.
Your spell library contained the following spells:

 Spells                   Type           Power      Damage    Failure   Level
 Lesser Beckoning         Tloc           0%         N/A       67%         2
 Gell's Gravitas          Tloc           0%         N/A       88%         3
 Teleport Other           Tloc           0%         N/A       88%         3


Dungeon Overview and Level Annotations

Branches:
Dungeon (3/15)

Altars:

Shops:
D:1 [

Annotations:
D:3 Terence


Innate Abilities, Weirdness & Mutations

You have a pair of small horns on your head.
You sometimes gain a little power by taking damage.


Message History

No target in view!
No target in view!
You now have 140 gold pieces (gained 8).
Terence the Incautious comes into view.
He is wielding a +2 flail of venom.
There is a stone staircase leading down here.
Terence is nearby!
Found a scroll labelled KUQOYROIBI.
Terence is nearby!
Terence completely misses you.
You barely miss Terence. Your headbutt misses Terence.
Terence hits you with a +2 flail of venom.
You are poisoned.
You barely miss Terence.
You feel very sick. Terence barely misses you.
Terence hits you with a +2 flail of venom!
You are more poisoned.
You sock Terence! You headbutt Terence.
Terence is heavily wounded.
You feel very sick. Terence hits you but does no damage.
You are lethally poisoned!
You closely miss Terence.
Terence is heavily wounded.
You feel very sick.
Terence hits you with a +2 flail of venom!
* * * LOW HITPOINT WARNING * * *
You are more poisoned.
It was a potion of heal wounds.
You feel much better.
You feel very sick.
Terence hits you with a +2 flail of venom.
You are more poisoned.
As you read the scroll of fear, it crumbles to dust.
You assume a fearsome visage.
Terence looks frightened!
* * * LOW HITPOINT WARNING * * *
You feel extremely sick.
The air fills with toxic fumes!
As you read the scroll labelled VYITYO HUIMM, it crumbles to dust.
It was a scroll of poison.
You die...

..####.#.##########.# #
##.## #.# #.# #.##
######.# .§§# ##......#
.§§# .......<# §§§###
........##########§§§§§§
.......##§§§##§§§§§§§§§§
.......##§§§§§§§@§@§§§§§
...#.....§§§##§§§§§§§§§§
..#(..###..#######§§§###
####.## #..# §§§§§§ #.#
#..# §§### #.. ...# §§#
.....#.## ## ####)#.#
#.#.#


You could see Terence (fleeing).

Vanquished Creatures
  2 adders (D:2)
  2 dart slugs
  4 endoplasms
  5 giant cockroaches
  3 goblins
  5 hobgoblins
  6 jackals (D:1)
  A quokka (D:3)
  6 ball pythons
  4 bats
  5 frilled lizards
  2 kobolds (D:1)
  5 rats
50 creatures vanquished.

Notes
Turn   | Place    | Note
-------+----------+-------------------------------------------
     0 | D:1      | innerfire43 the Demonspawn Wanderer began the quest for the
                  | Orb.
     0 | D:1      | innerfire43 set off with the following items: a +0 flail, a
                  | +0 short sword, a +0 ring mail, a scroll of fear.
     0 | D:1      | Reached XP level 1. HP: 16/16 MP: 1/1
     0 | D:1      | Noticed a black draconian
     0 | D:1      | Noticed an ice dragon
     1 | D:1      | Noticed a tentacled monstrosity
     7 | D:1      | Noticed an iron dragon
     8 | D:1      | Noticed a shadow dragon
     9 | D:1      | Noticed a green draconian
    11 | D:1      | Noticed a red draconian
    13 | D:1      | Noticed a tentacled monstrosity
    13 | D:1      | Noticed a large abomination
    15 | D:1      | Noticed a shadow dragon
    17 | D:1      | Noticed a tentacled monstrosity
    17 | D:1      | Noticed a shadow dragon
    17 | D:1      | Noticed a green draconian
    19 | D:1      | Noticed a golden dragon
    19 | D:1      | Noticed a shadow dragon
    21 | D:1      | Noticed an orb of fire
   163 | D:1      | Gained mutation: You have a pair of small horns on your
                  | head. [demonic ancestry]
   163 | D:1      | Reached XP level 2. HP: 19/22 MP: 2/2
   422 | D:1      | Reached skill level 3 in Maces & Flails
   470 | D:1      | Gained mutation: You sometimes gain a little power by
                  | taking damage. [demonic ancestry]
   470 | D:1      | Reached XP level 3. HP: 28/28 MP: 3/3
   591 | D:1      | Found Edebbuoll's Antique Armour Emporium.
  1397 | D:2      | Reached XP level 4. HP: 16/34 MP: 4/4
  1690 | D:3      | Noticed Terence
  1700 | D:3      | Succumbed to Terence's poison

Illustrated notes

Levels and vault maps discovered:
D:1:      shiori_arrival_whats_in_store_for_you, layout_basic, serial_shops,
          shop, minmay_crystal_room, chequers_arboretum,
          amcnicky_mini_corridor_feature, nicolae_the_louvre
D:2:      layout_loops_ring
D:3:      layout_loops_cross, minivault_19, uniq_terence

Skill      XL: |  1  2 |
---------------+-------+-----
Armour         | 2 |  2.5
Maces & Flails | 3 |  3.2
Fighting       | |  2.7
Short Blades   | |  1.0
Dodging        | |  1.9
Stealth        | |  1.0

Action                     |  1- 3 |  4- 6 || total
---------------------------+-------+-------++-------
  Melee: Flail             |   149 |    17 ||   166
         Headbutt          |    11 |     3 ||    14
    Use: Scroll            |       |     2 ||     2
         Potion            |       |     1 ||     1
 Armour: Ring mail         |    99 |    11 ||   110
  Dodge: Dodged            |   105 |    10 ||   115

Table legend: (Time is in decaauts)
 A = Elapsed time spent in this place.
 B = Non-inter-level travel time spent in this place.
 C = Inter-level travel time spent in this place.
 D = Time resting spent in this place.
 E = Time spent auto-exploring this place.
 F = Levels seen in this place.
 G = Mean time per level.
                   A        B        C        D        E       F      G
               +--------+--------+--------+--------+--------+-----+--------+
         Total |   1740 |   1740 |      0 |      0 |   1272 |   3 |  580.0 |
       Dungeon |   1740 |   1740 |      0 |      0 |   1272 |   3 |  580.0 |
               +--------+--------+--------+--------+--------+-----+--------+

Top non-repeatable levels by time:
     D:1: 956 daAuts
     D:2: 698 daAuts
     D:3: 86 daAuts
